 Seeded DCSS version 0.29.1-15-g9cfb28693d (webtiles) character file.

Game seed: 18288144697269755900 (custom seed)

24893 hbarley the Severer (level 13, -2/105 HPs)
             Began as a Hill Orc Fighter on Apr 25, 2023.
             Was a High Priest of Hepliaklqana.
             Slain by a six-headed hydra (7 damage)
             ... on level 5 of the Lair of Beasts on Apr 26, 2023.
             The game lasted 00:40:29 (15946 turns).

hbarley the Severer (Hill Orc Fighter)             Turns: 15946, Time: 00:40:31

Health: -2/105     AC: 22    Str: 30    XL:     13   Next: 16%
Magic:  13/13      EV: 13    Int:  8    God:    Hepliaklqana [*****.]
Gold:   841        SH: 11    Dex: 10    Spells: 12/12 levels left

rFire   . . .      SeeInvis .   W - +3 morningstar
rCold   . . .      Faith    .   c - +0 buckler
rNeg    . . .      Spirit   .   M - +0 plate armour
rPois   .          Reflect  +   U - +2 hat
rElec   .          Harm     .   P - +0 cloak
rCorr   .          Rampage  .   A - +0 pair of gloves
Will    .....                   C - +1 pair of boots
Stlth   ..........              x - amulet of reflection
HPRegen 0.27/turn               B - +4 ring of evasion
MPRegen 0.13/turn               K - +6 ring of strength

@: slowed, very slow
A: reduced essence
a: Renounce Religion, Recall Ancestor, Ancestor Identity, Transference, Idealise


You were on level 5 of the Lair of Beasts.
You worshipped Hepliaklqana.
Hepliaklqana was extremely pleased with you.
You visited 3 branches of the dungeon, and saw 16 of its levels.
You also visited: Bailey.

You collected 841 gold pieces.

Inventory:

Hand Weapons
 a - the +5 war axe of Extremism {freeze, rF+ Dex+2}
   (You found it on level 4 of the Lair of Beasts)

   It freezes those it strikes, dealing additional cold damage.
   It can also slow down cold-blooded creatures.
   Dex:       It affects your dexterity (+2).
   rF:        It protects you from fire.
 p - the +8 hand axe of Ezifas {spect, Int+5 Dex+3}
   (You found it on level 2 of the Dungeon)

   When its wielder attacks, the weapon's spirit leaps out and strikes again.
   The spirit shares a part of any damage it takes with its wielder.
   Int:       It affects your intelligence (+5).
   Dex:       It affects your dexterity (+3).
 W - a +3 morningstar (weapon)
Armour
 b - a +0 scale mail
 c - a +0 buckler (worn)
 v - the +3 leather armour of Analysis {Dex+4}
   (You found it on level 4 of the Dungeon)

   Dex:       It affects your dexterity (+4).
 A - a +0 pair of gloves (worn)
 C - a +1 pair of boots (worn)
 M - a +0 plate armour (worn)
 P - a +0 cloak (worn)
 U - a +2 hat (worn)
Jewellery
 x - an amulet of reflection (around neck)
 B - a +4 ring of evasion (left hand)
 K - a +6 ring of strength (right hand)
 Q - an amulet of magic regeneration
Wands
 D - a wand of light (14)
 E - a wand of digging (5)
 H - a wand of iceblast (8)
 L - a wand of paralysis (14)
 T - a wand of flame (24)
Scrolls
 e - a scroll of enchant armour {unknown}
 h - 5 scrolls of teleportation
 i - 2 scrolls of blinking {unknown}
 j - 3 scrolls of magic mapping
 k - 5 scrolls of amnesia
 q - a scroll of identify
 r - 5 scrolls of fear
 s - a scroll of vulnerability {unknown}
 w - 2 scrolls of immolation {unknown}
 y - 3 scrolls of torment
 z - a scroll of brand weapon {unknown}
 G - 4 scrolls of enchant weapon
 N - a scroll of fog {unknown}
 R - 2 scrolls of poison {unknown}
 S - 4 scrolls of noise
Potions
 d - 2 potions of might
 f - a potion of berserk rage {unknown}
 g - 10 potions of curing
 l - a potion of ambrosia {unknown}
 m - 4 potions of heal wounds
 n - 2 potions of lignification {unknown}
 o - 4 potions of flight
 t - 2 potions of mutation {unknown}
 u - 5 potions of attraction
 F - a potion of resistance {unknown}
 I - 4 potions of degeneration
 J - a potion of cancellation {unknown}
 O - a potion of haste {unknown}


   Skills:
 + Level 11.8 Fighting
 + Level 16.4(16.5) Axes
 + Level 1.5(9.2) Maces & Flails
 + Level 10.8 Armour
 + Level 3.8 Dodging
 + Level 6.2 Stealth
 + Level 10.1 Shields


You had 12 spell levels left.
You didn't know any spells.
Your spell library contained the following spells:

 Spells                   Type           Power      Damage    Failure   Level
 Beastly Appendage        Tmut           0%         N/A       98%         1
 Shock                    Conj/Air       0%         1d3       98%         1
 Slow                     Hex            0%         N/A       98%         1
 Static Discharge         Conj/Air       0%         3-3/arc   99%         2
 Sublimation of Blood     Necr           0%         N/A       99%         2
 Wereblood                Tmut           0%         N/A       99%         2
 Call Canine Familiar     Summ           0%         N/A       100%        3
 Confusing Touch          Hex            0%         N/A       100%        3
 Gell's Gravitas          Tloc           0%         N/A       100%        3
 Portal Projectile        Hex/Tloc       0%         N/A       100%        3
 Spider Form              Tmut/Pois      0%         N/A       100%        3
 Swiftness                Air            0%         N/A       100%        3
 Teleport Other           Tloc           0%         N/A       100%        3
 Tukima's Dance           Hex            0%         N/A       100%        3
 Vampiric Draining        Necr           0%         2d6       100%        3
 Airstrike                Air            0%         2d(0-16)  100%        4
 Dispel Undead            Necr           0%         3d6       100%        4
 Leda's Liquefaction      Hex/Erth       0%         N/A       100%        4
 Petrify                  Tmut/Erth      0%         N/A       100%        4
 Sticky Flame             Conj/Fire      0%         2d3       100%        4
 Summon Ice Beast         Ice/Summ       0%         N/A       100%        4
 Blade Hands              Tmut           0%         N/A       100%        5
 Irradiate                Conj/Tmut      0%         3d11      100%        5
 Summon Mana Viper        Hex/Summ       0%         N/A       100%        5
 Dispersal                Tloc           0%         N/A       100%        6
 Monstrous Menagerie      Summ           0%         N/A       100%        7


Dungeon Overview and Level Annotations

Branches:
Dungeon (10/15)            Temple (1/1) D:5            Lair (5/5) D:9
  Swamp (0/4) Lair:2        Snake (0/4) Lair:3        Slime (0/5) Lair:4
 Bailey (visited)
    Orc: D:9-12

Altars:
Ashenzari
Cheibriados
Elyvilon
Fedhas
Hepliaklqana
Kikubaaqudgha
Qazlal
Ru
Uskayaw
Vehumet
Xom
Yredelemnul
Zin
Jiyva

Shops:
D:7 (   D:9 (

Annotations:
D:4 3 runed translucent doors, Rangus's ghost, amateur VSBr
D:7 1 runed translucent door
Lair:1 exclusion: 2 oklob plants


Message History

The dream sheep bites you but does no damage.
The dream sheep bites Zolin!
Zolin hits the torpor snail but does no damage.
The torpor snail barely misses you.
Zolin hits the torpor snail with a +0 dagger of draining.
You block the six-headed hydra's attack.
The six-headed hydra bites you but does no damage.
The six-headed hydra closely misses you.
You block the six-headed hydra's attack.
The six-headed hydra bites you but does no damage.
The six-headed hydra bites you!
You puncture the six-headed hydra!
The six-headed hydra is heavily wounded.
You feel sick.
You are no longer poisoned.
The dream sheep barely misses Zolin.
You block the dream sheep's attack.
The six-headed hydra bites you but does no damage. x2
The six-headed hydra bites you.
* * * LOW HITPOINT WARNING * * *
The six-headed hydra bites you.
* * * LOW HITPOINT WARNING * * *
The six-headed hydra closely misses you. x2
Zolin hits the torpor snail with a +0 dagger of draining!
Zolin drains the torpor snail.
The dream sheep barely misses Zolin.
You block the dream sheep's attack. The torpor snail bites you.
* * * LOW HITPOINT WARNING * * *
Zolin hits the torpor snail with a +0 dagger of draining!
You feel much better. The six-headed hydra barely misses you.
The six-headed hydra bites you but does no damage. x2
The six-headed hydra barely misses you. The six-headed hydra bites you.
The six-headed hydra bites you but does no damage.
The dream sheep shake their wool and sparkle.
You feel drowsy...
You fall asleep.
The dream sheep barely misses you.
Zolin hits the torpor snail with a +0 dagger of draining.
Zolin drains the torpor snail.
The torpor snail barely misses Zolin.
The six-headed hydra bites you!!
You wake up.
* * * LOW HITPOINT WARNING * * *
The six-headed hydra bites you!
You die...

#..........#
#.............
#.#R##...#.#.#
#..###......#.
#..........##
#.....#...#..
##...##[...#.
#...##.P....
#..#@YlPP.#
#.#.RwD..P...
......Y.......
....#.#.........
PP#.##.##.......
.P ## .......
#.....# .....#


You could see the friendly Zolin the hexer (slow), a six-headed hydra (ally
target), a torpor snail (distracted, drained), a basilisk and 2 dream sheep.

Vanquished Creatures
  Gastronok (Lair:2)
  3 death yaks (Lair:3)
  Amaemon (Lair:4)
  Pikel (D:9)
  8 elephants
  Joseph (D:9)
  2 black mambas
  4 cane toads
  An orange demon (Lair:3)
  3 torpor snails (Lair:1)
  A rime drake (Lair:2)
  A komodo dragon (Lair:3)
  A troll (D:9)
  2 slime creatures (Lair:4)
  Grinder (D:5)
  A wraith (D:9)
  5 wyverns
  22 yaks
  2 basilisks
  5 steam dragons
  8 nagas (Lair:3)
  6 water moccasins
  2 ice beasts
  3 orc warriors (D:8)
  A sky beast (D:7)
  An ogre (D:4)
  A black bear (Lair:3)
  4 centaurs
  A lemure (D:9)
  2 phantoms
  A bullfrog (D:7)
  A necrophage (D:4)
  A scorpion (D:4)
  5 wights
  2 electric eels (Lair:2)
  A howler monkey (D:7)
  2 jellies
  4 orc priests
  A bullfrog zombie (D:5)
  A gnoll bouda (D:7)
  2 hounds (D:7)
  A scorpion zombie (D:5)
  3 iguanas
  18 orc wizards
  A hound skeleton (D:5)
  3 gnolls (D:7)
  7 adders
  A white imp (D:8)
  An ufetubus (D:7)
  An adder skeleton (D:5)
  A worm (D:5)
  A dart slug (D:2)
  43 orcs
  11 ball pythons
  6 endoplasms
  4 giant cockroaches
  6 goblins
  7 hobgoblins
  3 jackals (D:4)
  6 quokkas
  4 bats
  9 frilled lizards
  14 kobolds
  6 rats
273 creatures vanquished.

Vanquished Creatures (collateral kills)
  A hydra (Lair:3)
  A death yak (Lair:3)
  6 elephants
  A black mamba (Lair:3)
  6 yaks
  A bullfrog (Lair:4)
  A jelly (Lair:4)
  An orc (Bailey)
18 creatures vanquished.

Vanquished Creatures (others)
  Sigmund (D:6)
  An electric eel (Lair:2)
  5 fungi
  22 plants
  5 withered plants (D:5)
34 creatures vanquished.

Grand Total: 325 creatures vanquished

Notes
Turn   | Place    | Note
-------+----------+-------------------------------------------
     0 | D:1      | hbarley the Hill Orc Fighter began the quest for the Orb.
     0 | D:1      | Reached XP level 1. HP: 19/19 MP: 1/1
   243 | D:1      | Reached XP level 2. HP: 26/27 MP: 2/2
   352 | D:1      | Reached skill level 3 in Axes
   914 | D:1      | Reached XP level 3. HP: 28/33 MP: 3/3
  1486 | D:2      | Identified the +8 hand axe of Ezifas {spect, Int+5 Dex+3}
  1614 | D:2      | Reached XP level 4. HP: 40/40 MP: 4/4
  1776 | D:2      | Reached skill level 4 in Axes
  2511 | D:3      | Reached XP level 5. HP: 28/46 MP: 5/5
  2825 | D:4      | Identified the +3 leather armour of Analysis {Dex+4}
  2830 | D:4      | Reached skill level 5 in Axes
  2991 | D:4      | Found a runed translucent gate.
  2992 | D:4      | Found a runed translucent gate.
  2992 | D:4      | Found a runed translucent gate.
  3024 | D:4      | Noticed an ogre
  3025 | D:4      | Reached XP level 6. HP: 48/53 MP: 6/6
  3027 | D:4      | Reached skill level 6 in Axes
  3169 | D:4      | Reached skill level 1 in Dodging
  3169 | D:4      | Reached XP level 7. HP: 60/60 MP: 7/7
  3220 | D:4      | Reached skill level 5 in Fighting
  3220 | D:4      | Reached skill level 7 in Axes
  3910 | D:4      | Noticed Rangus's ghost (amateur VSBr)
  3931 | D:5      | Entered Level 5 of the Dungeon
  4016 | D:5      | Found a staircase to the Ecumenical Temple.
  4025 | Temple   | Entered the Ecumenical Temple
  4036 | Temple   | Became a worshipper of Hepliaklqana the Forgotten
  4076 | D:5      | Reached skill level 8 in Axes
  4076 | D:5      | Reached skill level 5 in Armour
  4092 | D:5      | Found a glowing silver altar of Zin.
  4259 | D:5      | Reached skill level 1 in Stealth
  4260 | D:5      | Reached XP level 8. HP: 61/69 MP: 8/8
  4304 | D:5      | Noticed Grinder
  4305 | D:5      | Found a sacrificial altar of Ru.
  4308 | D:5      | Paralysed by Grinder for 3 turns
  4315 | D:5      | Paralysed by Grinder for 2 turns
  4320 | D:5      | Killed Grinder
  4321 | D:5      | Reached skill level 9 in Axes
  4726 | D:5      | Found a stormy altar of Qazlal.
  4991 | D:6      | Noticed Sigmund
  5001 | D:6      | Killed Sigmund
  5498 | D:6      | Reached * piety under Hepliaklqana
  6092 | D:7      | Found Aroots Hery's Antique Weapon Boutique.
  6195 | D:7      | Found a runed translucent door.
  6217 | D:7      | Found a shimmering altar of Xom.
  6296 | D:7      | Reached skill level 10 in Axes
  6296 | D:7      | Reached skill level 5 in Shields
  6426 | D:7      | Reached XP level 9. HP: 70/70 MP: 9/9
  6709 | D:8      | Reached ** piety under Hepliaklqana
  6710 | D:8      | Remembered your ancestor Zolin as a hexer
  6834 | D:8      | Found a hide-covered altar of Uskayaw.
  7049 | D:8      | Found a flagged portal.
  7058 | Bailey   | Entered a bailey
  7293 | D:8      | Reached skill level 11 in Axes
  7455 | D:8      | Found a basalt altar of Yredelemnul.
  7799 | D:8      | Reached skill level 12 in Axes
  7799 | D:8      | Reached XP level 10. HP: 77/77 MP: 10/10
  8101 | D:9      | Noticed Pikel
  8127 | D:9      | Killed Pikel
  8474 | D:9      | Reached skill level 13 in Axes
  8708 | D:9      | Noticed Joseph
  8719 | D:9      | Killed Joseph
  8720 | D:9      | Reached skill level 14 in Axes
  8733 | D:9      | Found a broken altar of Ashenzari.
  8820 | D:9      | Found Fegaluofiq's Weapon Emporium.
  9120 | D:9      | Found a white marble altar of Elyvilon.
  9245 | D:9      | Reached XP level 11. HP: 85/85 MP: 11/11
  9260 | D:9      | Found a staircase to the Lair.
  9436 | Lair:1   | Entered Level 1 of the Lair of Beasts
  9558 | Lair:1   | Reached *** piety under Hepliaklqana
  9635 | Lair:1   | Found a blossoming altar of Fedhas.
  9638 | Lair:1   | Noticed an oklob plant
  9639 | Lair:1   | Noticed an oklob plant
  9825 | Lair:1   | Found a snail-covered altar of Cheibriados.
 10739 | Lair:2   | Noticed Gastronok
 10757 | Lair:2   | Reached skill level 15 in Axes
 10767 | Lair:2   | Killed Gastronok
 10768 | Lair:2   | Reached skill level 10 in Fighting
 10854 | Lair:2   | Reached skill level 5 in Stealth
 11087 | Lair:2   | Reached XP level 12. HP: 95/95 MP: 12/12
 11335 | Lair:2   | Reached **** piety under Hepliaklqana
 11364 | Lair:2   | Found a staircase to the Swamp.
 13049 | Lair:3   | Found a staircase to the Snake Pit.
 13061 | Lair:3   | Reached skill level 10 in Armour
 13365 | Lair:3   | Noticed a four-headed hydra
 13440 | Lair:3   | Noticed Amaemon
 13471 | Lair:4   | Killed Amaemon
 13472 | Lair:4   | Reached skill level 16 in Axes
 14350 | D:10     | Entered Level 10 of the Dungeon
 14882 | Lair:3   | Noticed a death yak
 14883 | Lair:3   | Noticed a death yak
 14884 | Lair:3   | Noticed a death yak
 14884 | Lair:3   | Noticed a death yak
 14896 | Lair:3   | Killed a death yak
 14898 | Lair:3   | Killed a death yak
 14900 | Lair:3   | Killed a death yak
 14902 | Lair:3   | Killed a death yak
 15061 | Lair:3   | Reached XP level 13. HP: 102/104 MP: 13/13
 15458 | Lair:4   | Found a staircase to the Slime Pits.
 15460 | Lair:4   | Found a viscous altar of Jiyva.
 15464 | Lair:4   | Reached skill level 10 in Shields
 15477 | Lair:4   | Identified the +5 war axe of Extremism {freeze, rF+ Dex+2}
 15498 | Lair:4   | Reached skill level 1 in Maces & Flails
 15754 | Lair:4   | Reached ***** piety under Hepliaklqana
 15918 | Lair:5   | Entered Level 5 of the Lair of Beasts
 15946 | Lair:5   | HP: 5/105 [six-headed hydra (34)]
 15946 | Lair:5   | Slain by a six-headed hydra

Illustrated notes

Levels and vault maps discovered:
D:1:      minmay_arrival_split_and_join, layout_loops_corners,
          minmay_misc_feat_columns, kennysheep_another_room,
          hangedman_decor_push, moated_statue
D:2:      layout_loops_ring, serial_park_tiny_1, lexackson_kobold_supper
D:3:      layout_rooms
D:4:      layout_loops_ring, gammafunk_ghost_necromancy,
          chequers_serial_rivers_micro_b
D:5:      layout_loops_ring, nicolae_ru_awakened_eye, zin_treasury,
          mainiacjoe_overflow_cross_hatched, minmay_temple_entry_trees,
          serial_undead, serial_undead_f, serial_undead_c, serial_undead_c,
          serial_undead_e, serial_bayou_ford_a, minmay_liquid_box, uniq_grinder
D:6:      layout_loops_ring, uniq_sigmund
D:7:      layout_loops_ring, old_standard_altar, serial_shops,
          nicolae_shop_trees, lightli_church_of_beogh
D:8:      nicolae_cairo_tiling_large, layout_loops_corners,
          mainiacjoe_overflow_boulevard, mainiacjoe_overflow_24_doors,
          enter_bailey_2, hangedman_minor_gate_pass
D:9:      layout_small_grid, nicolae_elyvilon_temple_path,
          mainiacjoe_overflow_paths, erik_lair_dragon, serial_shops,
          nicolae_shop_bloodbath_and_beyond, uniq_pikel, uniq_joseph
D:10:     layout_rooms, fedhas_altar_2, kennysheep_mini_moat, hiddenorc2_lemuel,
          uniq_erica, uniq_nergalle
Temple:   hellmonk_temple_flake
Lair:1:   layout_loops_ring, serial_rivers, chequers_serial_rivers_micro_b,
          chequers_serial_rivers_small_b, chequers_serial_rivers_marsh,
          chequers_serial_rivers_micro_d, chequers_serial_rivers_large_b,
          chequers_serial_rivers_small_a, hangedman_tree_tricks,
          kennysheep_snail_temple
Lair:2:   layout_chaotic_city, minmay_swamp_entry_eels, uniq_gastronok
Lair:3:   layout_chaotic_city, minmay_snake_entry_guardpost_medium, uniq_amaemon
Lair:4:   layout_loops_ring, minmay_slime_entry_pillars, serial_bayou_shore_b
Lair:5:   guppyfry_lair_end_dragon, layout_loops_ring, wormcave,
          nicolae_volcano_entry_s_turn

Skill      XL: |  1  2  3  4  5  6  7  8  9 10 11 12 13 |
---------------+----------------------------------------+-----
Axes           | 3 4 5 6 8 10 12 14 15 16 | 16.4
Fighting       | 4 5 6 7 8 10 11 | 11.8
Armour         | 4 5 6 8 10 | 10.8
Shields        | 4 5 6 7 8 9 10 | 10.1
Dodging        | 1 2 3 |  3.8
Stealth        | 1 2 3 5 6 |  6.2
Maces & Flails | 1 |  1.5

Action                   |  1- 3 |  4- 6 |  7- 9 | 10-12 | 13-15 || total
-------------------------+-------+-------+-------+-------+-------++-------
Melee: War axe           |    93 |       |       |       |    12 ||   105
       Hand axe          |     4 |    71 |   164 |   296 |    13 ||   548
       Morningstar       |       |       |       |       |     7 ||     7
Invok: Ancestor Life: He |       |       |     1 |       |       ||     1
       Recall Ancestor   |       |       |       |     3 |       ||     3
  Use: Scroll            |       |       |       |    13 |       ||    13
       Potion            |       |       |       |       |     2 ||     2
 Stab: Sleeping          |       |       |     2 |       |       ||     2
       Confused          |       |       |       |     8 |       ||     8
       Distracted        |       |       |       |     6 |       ||     6
Armor: Scale mail        |    54 |    24 |       |       |       ||    78
       Leather armour    |       |     2 |    29 |       |       ||    31
       Plate armour      |       |       |       |    83 |    31 ||   114
Dodge: Dodged            |    49 |    29 |    60 |   105 |    22 ||   265
Block: Buckler           |    21 |    17 |    52 |   122 |    25 ||   237
       Reflection        |       |       |     1 |     9 |       ||    10
